 Dungeon Crawl Stone Soup version 0.17.0-23-g0de4337 (webtiles) character file.

15 dysrexia the Magician (level 2, -9/17 HPs)
             Began as an Octopode Wizard on Nov 14, 2015.
             Killed by divine providence
             ... invoked by an orc priest
              (13 damage)
             ... on level 1 of the Dungeon.
             The game lasted 00:03:23 (873 turns).

dysrexia the Magician (Octopode Wizard)              Turns: 873, Time: 00:03:23

Health: -9/17      AC:  1    Str:  6    XL:     2   Next: 50%
Magic:  0/6        EV: 12    Int: 20    God:
Gold:   50         SH:  0    Dex: 10    Spells: 3 memorised, 2 levels left

rFire  . . .     SeeInvis .     (no weapon)
rCold  . . .     Clarity  .     (no shield)
rNeg   . . .     SustAt   .     a - +0 hat
rPois  .         Gourm    +     e - amulet of the gourmand
rElec  .         Spirit   .     (no ring)
rCorr  .         Warding  .     (no ring)
rMut   .         Stasis   .     (no ring)
MR     .....                    (no ring)
Stlth  +++.......               (no ring)
                                (no ring)
                                (no ring)
                                (no ring)

@: very slightly contaminated, not resistant to hostile enchantments, fairly
stealthy
A: almost no armour, amphibious, 8 rings, constrict 8, camouflage 1, gelatinous
body 1
a: no special abilities


You were on level 1 of the Dungeon.
You were very full.

You visited 1 branch of the dungeon, and saw 1 of its levels.

You collected 50 gold pieces.

Inventory:

Missiles
 j - 14 poisoned needles
Armour
 a - a +0 hat (worn)
Jewellery
 e - an amulet of the gourmand (around mantle)
Scrolls
 d - 2 scrolls of identify {unknown}
 f - 2 scrolls of remove curse {unknown}
 g - 2 scrolls of magic mapping {unknown}
 k - a scroll of enchant armour {unknown}
Potions
 h - 2 potions of heal wounds {unknown}
 i - a potion of magic {unknown}
 l - a potion of degeneration {unknown}
 m - a potion of brilliance {unknown}
Books
 b - a book of Minor Magic

   Spells                             Type                      Level
   a - Magic Dart                     Conjuration                  1
   b - Blink                          Translocation                2
   c - Call Imp                       Summoning                    2
   d - Repel Missiles                 Charms/Air                   2
   e - Slow                           Hexes                        2
   f - Conjure Flame                  Conjuration/Fire             3
   g - Mephitic Cloud                 Conjuration/Poison/Air       3
Comestibles
 c - 2 bread rations


   Skills:
 - Level 2.0 Dodging
 + Level 2.8 Stealth
 + Level 3.1 Spellcasting
 * Level 2.1 Conjurations
 - Level 1.0 Summonings
 - Level 1.0 Translocations


You had 2 spell levels left.
You knew the following spells:

 Your Spells              Type           Power        Failure   Level  Hunger
a - Magic Dart            Conj           ##..         10%         1    None
b - Blink                 Tloc           N/A          17%         2    ##.....
c - Call Imp              Summ           #.......     17%         2    ##.....


Dungeon Overview and Level Annotations

Branches:
Dungeon (1/15)

Altars:
Makhleb


Innate Abilities, Weirdness & Mutations

You cannot wear most types of armour.
You are amphibious.
You can wear up to eight rings at the same time.
You can use your tentacles to constrict eight enemies at once.
Your skin changes colour to match your surroundings (Stealth).
Your rubbery body absorbs attacks (AC +1).


Message History

Aiming: Magic Dart
Press: ? - help, Shift-Dir - straight line, f/p - orc priest
Aim: an orc priest, wielding a dagger The magic dart hits the orc priest.
Casting: Magic Dart
Confirm with . or Enter, or press ? or * to list all spells.
Aiming: Magic Dart
Press: ? - help, Shift-Dir - straight line, f/p - orc priest
Aim: an orc priest, wielding a dagger The magic dart hits the orc priest.
The orc priest is lightly wounded.
The orc priest calls down the wrath of Beogh upon you.
Pain shoots through your body!
Ouch! That really hurt!
* * * LOW HITPOINT WARNING * * *
Your white imp disappears in a puff of smoke!
The orc priest calls down the wrath of Beogh upon you.
Something smites you!
Ouch! That really hurt!
You die...

##.## #..# #......÷# #....#
#.# #..## ##.......##
##....# ##.#
#...###.........###.....#
...####
#........................
......#
#......................##
......#
#......................##
......#
#..........<.............
......#
#.....................###
......#
#.......@................
.######
#......................##
....#
#.).###...§.....###....##
....# #..## ##.......##
##...## ....# #..#
#.......# #...## ....#
#..## ##.......## ##...##
....#
#...###.......o.###......
....#
#......................##
#####
###........................


You could see an orc priest.

Vanquished Creatures
  An orc (D:1)
  3 goblins (D:1)
  3 kobolds (D:1)
  2 bats (D:1)
  A giant cockroach (D:1)
  A giant newt (D:1)
  2 rats (D:1)
13 creatures vanquished.

Vanquished Creatures (collateral kills)
  An orc (D:1)
1 creature vanquished.

Grand Total: 14 creatures vanquished

Notes
Turn   | Place    | Note
--------------------------------------------------------------
     0 | D:1      | dysrexia the Octopode Wizard began the quest for the Orb.
     0 | D:1      | Reached XP level 1. HP: 11/11 MP: 4/4
   248 | D:1      | Found a burning altar of Makhleb.
   403 | D:1      | Reached XP level 2. HP: 17/17 MP: 4/6
   801 | D:1      | Learned a level 2 spell: Blink
   831 | D:1      | Learned a level 2 spell: Call Imp
   873 | D:1      | Killed from afar by an orc priest

Action                   || total
-------------------------++-------
Melee: Unarmed           ||     5
 Cast: Magic Dart        ||    29
       Call Imp          ||     1
 Stab: Sleeping          ||     1
  Eat: Chunk             ||     9
